 Dungeon Crawl Stone Soup version 0.16-a0-3246-g12054e0 (webtiles) character file.

9 PolkaDot the Caller (level 2, -1/21 HPs)
             Began as a Vampire Summoner on Dec 22, 2014.
             Slain by a kobold
             ... wielding a +0 whip
              (6 damage)
             ... on level 1 of the Dungeon.
             The game lasted 00:01:57 (317 turns).

PolkaDot the Caller (Vampire Summoner)               Turns: 317, Time: 00:01:57

Health: -1/21      AC:  2    Str:  7    XL:     2   Next: 3%
Magic:  0/4        EV: 12    Int: 17    God:
Gold:   95         SH:  0    Dex: 14    Spells: 1 memorised, 4 levels left

rFire  . . .     SeeInvis +     d - -3 hunting sling (curse)
rCold  . . .     Clarity  .     a - +0 robe
rNeg   . . .     SustAb   .     (no shield)
rPois  .         Gourm    .     (no helmet)
rElec  .         Spirit   .     (no cloak)
rCorr  .         Warding  .     (no gloves)
rMut   .         Stasis   .     (no boots)
MR     .....                    (no amulet)
Stlth  ++........               (no ring)
                                (no ring)

@: regenerating quickly, not resistant to hostile enchantments, unstealthy
A: bottle blood, fangs 3, see invisible, unbreathing
a: no special abilities


You were on level 1 of the Dungeon.
You were full.

You visited 1 branch of the dungeon, and saw 1 of its levels.

You collected 95 gold pieces.

Inventory:

Hand weapons
 d - a cursed -3 hunting sling (weapon)
Missiles
 e - 8 stones (quivered)
Armour
 a - a +0 robe (worn)
Potions
 c - a potion of mutation {unknown}
Books
 b - a book of Callings

   Spells                             Type                      Level
   a - Summon Small Mammal            Summoning                    1
   b - Call Imp                       Summoning                    2
   c - Call Canine Familiar           Summoning                    3
   d - Summon Guardian Golem          Hexes/Summoning              4
   e - Summon Lightning Spire         Summoning/Air                4
   f - Summon Ice Beast               Ice/Summoning                4


   Skills:
 * Level 1.5 Fighting
 - Level 2.1 Dodging
 - Level 3.0 Stealth
 - Level 2.0 Spellcasting
 - Level 4.0 Summonings


You had 4 spell levels left.
You knew the following spells:

 Your Spells              Type           Power        Failure   Level  Hunger
z - Summon Small Mammal   Summ           ###.         3%          1    #......


Dungeon Overview and Level Annotations

Branches:
Dungeon (1/15)

Altars:


Innate Abilities, Weirdness & Mutations

Your natural rate of healing is unusually fast.
You can bottle blood from corpses.
You have razor-sharp teeth.
You have supernaturally acute eyesight.
You can survive without breathing.


Message History

The hobgoblin is heavily wounded.
The kobold hits you but does no damage.
Firing (i - inventory):
e - 10 stones (quivered)
Press: ? - help, Shift-Dir - straight line, f/p - kobold
Aim: a kobold, wielding a whip (severely wounded)
You shoot a stone. The stone closely misses the kobold.
The stone hits the hobgoblin.
You kill the hobgoblin!
You have reached level 2!
The kobold misses you. The kobold closely misses you.
Casting: Summon Small Mammal
Confirm with . or Enter, or press ? or * to list all spells.
* * * LOW MAGIC WARNING * * *
Your quokka closely misses the kobold.
Firing (i - inventory):
e - 9 stones (quivered)
Press: ? - help, Shift-Dir - straight line, f/p - kobold
Aim: a kobold, wielding a whip (severely wounded)
You shoot a stone. The stone completely misses the kobold.
The kobold hits you with a whip.
You die...

#####.##..).#.##(##.#
...##.#.....#.##.##.# .#
...##....##.....(##.# ..#
#..##....###.....##.####...#
#..##.....###.....#.#...)..#
#..##......###........##...#
...##..........r...........#
#..##.......##..K..........#
#..##..#......#.@.......####
#..##..####...#.###.#.#....
#......# #..##..##.#.####.#
#..##.#####..##..##.... ..
#..##.......###..###.##.
...##.#####.##)......#
...##..####....####..#
#####...#......## ..#
###.....###...# #


You could see a kobold and a friendly quokka.

Vanquished Creatures
  A hobgoblin (D:1)
  4 jackals (D:1)
  A bat (D:1)
  A giant newt (D:1)
  A goblin (D:1)
8 creatures vanquished.

Vanquished Creatures (collateral kills)
  2 goblins (D:1)
2 creatures vanquished.

Vanquished Creatures (others)
  A bat (D:1)
  2 rats (D:1)
3 creatures vanquished.

Grand Total: 13 creatures vanquished

Notes
Turn   | Place    | Note
--------------------------------------------------------------
     0 | D:1      | PolkaDot, the Vampire Summoner, began the quest for the Orb.
     0 | D:1      | Reached XP level 1. HP: 13/13 MP: 3/3
   233 | D:1      | Reached skill level 1 in Fighting
   311 | D:1      | Reached XP level 2. HP: 4/21 MP: 0/4
   317 | D:1      | Slain by a kobold

Action                   || total
-------------------------++-------
Melee: Hunting sling     ||     5
 Fire: Hunting sling     ||    33
 Cast: Summon Small Mamm ||    14
  Use: Potion            ||     1
  Eat: Corpse            ||     3
